 Dungeon Crawl Stone Soup version 0.30.1-8-g117510f58f (webtiles) character file.

Game seed: 7778394880394997203

27 Ivernyr the Shield-Bearer (level 3, 0/29 HPs)
             Began as a Formicid Fighter on Sept 23, 2023.
             Slain by a gnoll
             ... wielding a +0 halberd
              (8 damage)
             ... on level 2 of the Dungeon.
             The game lasted 00:01:47 (656 turns).

Ivernyr the Shield-Bearer (Formicid Fighter)         Turns: 656, Time: 00:01:47

Health: 0/29       AC:  6    Str: 22    XL:     3   Next: 25%
Magic:  3/3        EV:  9    Int:  7    God:
Gold:   18         SH:  5    Dex: 13    Spells: 2/2 levels left

rFire   . . .        a - +0 quarterstaff
rCold   . . .        c - +0 buckler
rNeg    . . .        b - +0 scale mail
rPois   +            (helmet unavailable)
rElec   .            (no cloak)
rCorr   .            (no gloves)
SInv    +            (no boots)
Will    .....        (no amulet) Stlth
                     e - ring of poison resistance
HPRegen 0.24/turn    (no ring)
MPRegen 0.08/turn

%: no passive effects
@: no status effects
A: permanent stasis, dig shafts and tunnels, antennae 3, four strong arms
a: Dig, Shaft Self


You were on level 2 of the Dungeon.
You visited 1 branch of the dungeon, and saw 2 of its levels.

You collected 18 gold pieces.

Inventory:

Hand Weapons
 a - a +0 quarterstaff (weapon)
Armour
 b - a +0 scale mail (worn)
 c - a +0 buckler (worn)
Jewellery
 e - a ring of poison resistance (left hand)
 f - a ring of flight
 k - an amulet of magic regeneration
Scrolls
 i - a scroll of brand weapon {unknown}
Potions
 d - a potion of might
 g - a potion of mutation {unknown}
 h - a potion of berserk rage {unknown}
 j - a potion of attraction {unknown}


   Skills:
 + Level 3.5 Fighting
 * Level 2.6 Staves
 + Level 3.6 Armour
 + Level 4.3 Shields


You had 2 spell levels left.
You didn't know any spells.
Your spell library was empty.

Dungeon Overview and Level Annotations

Branches:
Dungeon (2/15)

Altars:

Shops:
D:1 [


Innate Abilities, Weirdness & Mutations

You cannot be hasted, slowed, berserked, paralysed or teleported.
You can dig through walls and to a lower floor.
You have a pair of large antennae on your head. (SInv)
Your four strong arms can wield two-handed weapons with a shield.


Message History

The gnoll freezes you.
* * * LOW HITPOINT WARNING * * *
The gnoll attacks as you move away! The gnoll hits you with a +0 whip.
* * * LOW HITPOINT WARNING * * *
The gnoll attacks as you move away! The gnoll barely misses you.
The gnoll attacks as you move away! The gnoll closely misses you.
You see here a dart slug corpse.
There is a stone staircase leading up here.
You climb upwards.
There is a stone staircase leading down here.
You start resting.
HP restored.
You climb downwards.
The gnoll hits you with a +0 flail.
There is a stone staircase leading up here.
You block the gnoll's attack.
You climb upwards.
There is a stone staircase leading down here.
You thump the gnoll!
The gnoll is severely wounded.
The gnoll completely misses you.
You hit the gnoll.
You kill the gnoll!
You have reached level 3!
Your experience leads to an increase in your attributes!
Increase (S)trength, (I)ntelligence, or (D)exterity?
You feel stronger. x2
There is a stone staircase leading down here.
You climb downwards.
A quokka comes into view.
There is a stone staircase leading up here.
The gnoll closely misses you.
You hit the gnoll but do no damage. The quokka bites you.
The gnoll hits you with a +0 halberd!
You barely miss the gnoll. The quokka barely misses you.
The quokka closely misses you. The gnoll hits you with a +0 halberd!
* * * LOW HITPOINT WARNING * * *
You barely miss the gnoll.
The quokka bites you but does no damage.
The gnoll hits you with a +0 halberd!
You die...

#.....<.......
#..#..........
#.(###g######.
###..†..g#
#...g...##
#.#.###.#
#.#.###.####
#g#g........
#@#..##.####
#r#..##.#
#<......#
###..#### #..#
#....gg#
##.###.# #.#
#.#


You could see a gnoll and a quokka.

Vanquished Creatures
  A gnoll (D:1)
  2 dart slugs
  An endoplasm (D:1)
  2 giant cockroaches (D:1)
  A goblin (D:1)
  A hobgoblin (D:1)
  A quokka (D:1)
  A ball python (D:1)
  3 frilled lizards (D:1)
  A rat (D:1)
14 creatures vanquished.

Notes
Turn   | Place    | Note
-------+----------+-------------------------------------------
     0 | D:1      | Ivernyr the Formicid Fighter began the quest for the Orb.
     0 | D:1      | Reached XP level 1. HP: 18/18 MP: 1/1
   160 | D:1      | Found Myehuj's Antique Armour Shoppe.
   166 | D:1      | Reached XP level 2. HP: 18/24 MP: 2/2
   631 | D:1      | Reached XP level 3. HP: 26/29 MP: 3/3
   656 | D:2      | Slain by a gnoll

Illustrated notes

Levels and vault maps discovered:
D:1:      nzn_arrival_settlement, layout_basic, serial_shops, shop
D:2:      layout_loops_ring

Action                     || total
---------------------------++-------
  Melee: Quarterstaff      ||    47
 Armour: Scale mail        ||    20
  Dodge: Dodged            ||    24
  Block: Buckler           ||     6
